 Dungeon Crawl Stone Soup version 0.20.0-8-g6b59dc7 (webtiles) character file.

406 Kosschaser the Chopper (level 6, -10/52 HPs)
             Began as a Hill Orc Gladiator on June 2, 2017.
             Mangled by an ogre
             ... wielding a +0 giant spiked club
              (21 damage)
             ... on level 2 of the Dungeon.
             The game lasted 00:12:31 (3851 turns).

Kosschaser the Chopper (Hill Orc Gladiator)         Turns: 3851, Time: 00:12:32

Health: -10/52     AC:  5    Str: 17    XL:     6   Next: 87%
Magic:  6/6        EV: 12    Int:  8    God:
Gold:   159        SH:  0    Dex: 14    Spells: 5/5 levels left

rFire    . . .     SeeInvis .   a - +0 war axe
rCold    . . .     Gourm    .   (no shield)
rNeg     . . .     Faith    .   b - +0 leather armour
rPois    .         Spirit   .   c - +0 helmet
rElec    .         Reflect  .   (no cloak)
rCorr    .         Harm     .   (no gloves)
MR       .....                  m - +0 pair of boots
Stlth    +.........             t - amulet of rage
Regen    0.2/turn               (no ring)
MPRegen  0.1/turn               (no ring)

@: heavily drained
A: no striking features
a: Evoke Berserk Rage


You were on level 2 of the Dungeon.
You were not hungry.

You visited 1 branch of the dungeon, and saw 4 of its levels.

You collected 159 gold pieces.

Inventory:

Hand Weapons
 a - a +0 war axe (weapon)
Missiles
 d - 3 throwing nets (quivered)
Armour
 b - a +0 leather armour (worn)
 c - a +0 helmet (worn)
 m - a +0 pair of boots (worn)
Jewellery
 t - an amulet of rage (around neck)
 u - an uncursed ring of protection from cold {unknown}
Wands
 k - a wand of enslavement (19/24)
 s - a wand of lightning (6/15)
Scrolls
 e - 5 scrolls of remove curse {unknown}
 g - 2 scrolls of teleportation {unknown}
 h - a scroll of fog {unknown}
 l - a scroll of enchant weapon {unknown}
 o - 2 scrolls of random uselessness {unknown}
 q - 2 scrolls of identify {unknown}
Potions
 i - a potion of brilliance {unknown}
 j - 2 potions of heal wounds {unknown}
 n - a potion of curing {unknown}
 v - a potion of flight {unknown}
 w - a potion of magic {unknown}
Comestibles
 f - 3 bread rations
 p - 3 royal jellies


   Skills:
 + Level 3.7(2.0) Fighting
 + Level 7.5(5.7) Axes
 - Level 2.0(0.4) Throwing
 + Level 3.0(1.4) Armour
 + Level 3.2(1.6) Dodging


You had 5 spell levels left.
You didn't know any spells.

Dungeon Overview and Level Annotations

Branches:
Dungeon (4/15)
 Temple: D:4-7

Altars:
Xom


Message History

You eat the meat ration.
That meat ration really hit the spot!
The ogre hits you with a giant spiked club!!
Ouch! That really hurt!
* * * LOW HITPOINT WARNING * * *
There is an open door here.
The hobgoblin shouts!
The hobgoblin closely misses you. The ogre closely misses you.
The hobgoblin hits you with a club.
You hit the ogre.
The ogre is moderately wounded.
The ogre hits you with a giant spiked club!
* * * LOW HITPOINT WARNING * * *
You slash the ogre!
The ogre is heavily wounded.
The ogre hits you with a giant spiked club!
* * * LOW HITPOINT WARNING * * *
There is an open door here.
The ogre hits you with a giant spiked club!!
You die...

#....# #...#........ #....#
#...#........
#....######...#........
#######........##...#........
#....##........##............
##....##......................
#.....+........g...........###
#.....##......O......#...#.###
#......+....#@##...#.#.#.#....
#.#....#>........)............
#.#.#..#......................
#.#....#..#.#'####.....#.#....
#.###.##..#....###.....#.#.#'#
#.....#...#......).....#.#.#.'
#####.#..##.....####'#...#.###
#....#..##........#.#.#.#g# #
#....#..##....<...#.#.#.#.#


You could see an ogre and a hobgoblin.

Vanquished Creatures
  The ghost of Jumperg the Conjurer, an amateur DECj of Sif Muna (D:3)
  An orc wizard (D:3)
  3 orc priests (D:3)
  5 gnolls
  7 adders
  4 worms
  2 dart slugs
  4 leopard geckos
  9 orcs
  3 giant cockroaches
  9 goblins
  7 hobgoblins
  3 jackals (D:1)
  11 kobolds
  2 quokkas
  8 bats
  8 frilled lizards
  4 rats
91 creatures vanquished.

Notes
Turn   | Place    | Note
-------+----------+-------------------------------------------
     0 | D:1      | Kosschaser the Hill Orc Gladiator began the quest for the Orb.
     0 | D:1      | Reached XP level 1. HP: 18/18 MP: 1/1
    82 | D:1      | Reached XP level 2. HP: 17/25 MP: 2/2
   352 | D:1      | Reached XP level 3. HP: 28/30 MP: 3/3
   994 | D:1      | Reached skill level 5 in Axes
  1214 | D:2      | Reached skill level 1 in Armour
  1337 | D:2      | Reached XP level 4. HP: 28/37 MP: 4/4
  1777 | D:2      | Reached XP level 5. HP: 40/45 MP: 5/5
  2104 | D:2      | Reached skill level 6 in Axes
  2273 | D:2      | Found a shimmering altar of Xom.
  2310 | D:3      | Noticed Jumperg's ghost (amateur DECj)
  2320 | D:3      | Killed Jumperg's ghost
  2320 | D:3      | Reached XP level 6. HP: 33/51 MP: 6/6
  2579 | D:2      | Reached skill level 7 in Axes
  3013 | D:3      | HP: 2/52 [orc (3)]
  3851 | D:2      | Mangled by an ogre

Skill      XL: |  1  2  3  4  5  6 |
---------------+-------------------+-----
Throwing       | 2 |  2.0
Axes           | 5 6 7 |  7.5
Armour         | 1 2 3 |  3.0
Fighting       | 3 |  3.7
Dodging        | 3 |  3.2

Action                   |  1- 3 |  4- 6 || total
-------------------------+-------+-------++-------
Melee: War axe           |    85 |   164 ||   249
  Eat: Chunk             |       |     7 ||     7
       Meat ration       |       |     1 ||     1
Armor: Leather armour    |    23 |    48 ||    71
Dodge: Dodged            |    67 |   126 ||   193
